 Dungeon Crawl Stone Soup version 0.23-a0-183-gf37f6fb (webtiles) character file.

7249 namelastname112 the Summoner (level 10, -1/86 HPs)
             Began as a Black Draconian Summoner on Sept 23, 2018.
             Was a Believer of Ashenzari.
             Slain by a polar bear (17 damage)
             ... in an ice cave.
             The game lasted 00:28:13 (12910 turns).

namelastname112 the Summoner (DrSu)                Turns: 12910, Time: 00:28:14

Health: -1/86      AC: 12    Str: 11    XL:     10   Next: 88%
Magic:  7/20       EV: 16    Int: 18    God:    Ashenzari [**....]
Gold:   643        SH:  0    Dex: 16    Spells: 8/22 levels left

rFire    . . .     SeeInvis .   F - +2 quarterstaff (chaos)
rCold    . . .     Gourm    .   (shield currently unavailable)
rNeg     + . .     Faith    +   (armour unavailable)
rPois    .         Spirit   .   (helmet restricted)
rElec    +         Reflect  .   G - +2 cloak
rCorr    .         Harm     .   I - +1 pair of gloves
MR       .....                  (no boots)
Stlth    ++........             m - amulet of faith
HPRegen  0.24/turn              j - ring of positive energy
MPRegen  0.17/turn              p - +4 ring of dexterity (curse)

@: short of breath
A: breathe lightning, unfitting armour, electricity resistance, cold-blooded, AC
+7
a: Breathe Lightning, Curse Item, Scrying, Renounce Religion


You were in an ice cave.
You worshipped Ashenzari.
Ashenzari was pleased with you.
You were very hungry.

You visited 2 branches of the dungeon, and saw 12 of its levels.
You also visited: Ossuary and Ice Cave.

You collected 643 gold pieces.

Inventory:

Hand Weapons
 z - a +0 whip of flaming
 F - a +2 quarterstaff of chaos (weapon)
Armour
 G - a +2 cloak (worn)
 I - a +1 pair of gloves (worn)
Jewellery
 j - a ring of positive energy (left hand)
 m - an amulet of faith (around neck)
 n - an uncursed amulet of the gourmand
 p - a cursed +4 ring of dexterity (right hand)
 D - an uncursed ring of resist corrosion
Wands
 k - a wand of random effects (57)
 q - a wand of digging (10)
 s - a wand of flame (7)
 x - a wand of paralysis (15)
 y - a wand of polymorph (19)
 C - a wand of scattershot (1)
 H - a wand of acid (9)
 J - a wand of iceblast (13)
Scrolls
 d - 2 scrolls of amnesia
 e - 5 scrolls of remove curse
 r - a scroll of fog
 w - a scroll of fear
Potions
 a - a potion of curing
 c - 2 potions of resistance
 f - 3 potions of haste
 g - a potion of might
 h - 3 potions of agility
 i - a potion of mutation {unknown}
 l - 2 potions of berserk rage {unknown}
 t - 4 potions of brilliance
 u - 3 potions of ambrosia
 v - 2 potions of flight
 A - a potion of magic
 B - a potion of cancellation {unknown}
Comestibles
 b - 12 rations
 o - 4 chunks of flesh


   Skills:
 + Level 7.5 Fighting
 + Level 6.6 Dodging
 - Level 1.7 Stealth
 + Level 6.7 Spellcasting
 * Level 10.7 Summonings
 + Level 7.1 Air Magic


You had 8 spell levels left.
You knew the following spells:

 Your Spells              Type           Power        Failure   Level  Hunger
a - Summon Small Mammal   Summ           ####         1%          1    None
c - Call Canine Familiar  Summ           #####...     1%          3    ##.....
s - Summon Lightning Spi  Summ/Air       #####...     2%          4    ####...
x - Summon Ice Beast      Ice/Summ       ####....     12%         4    ####...
z - Call Imp              Summ           #####...     1%          2    None

Your spell library contained the following spells:

 Spells                   Type           Power        Failure   Level  Hunger
 Summon Guardian Golem    Hex/Summ       ####....     3%          3    ##.....
 Animate Skeleton         Necr           N/A          11%         1    None
 Confusing Touch          Hex            #.....       11%         1    None
 Corona                   Hex            #......      11%         1    None
 Pain                     Necr           #...         11%         1    None
 Slow                     Hex            #.......     17%         2    None
 Confuse                  Hex            #.......     32%         3    ##.....
 Gell's Gravitas          Tloc           #.........   32%         3    ##.....
 Inner Flame              Hex/Fire       #.......     32%         3    ##.....
 Portal Projectile        Hex/Tloc       #.....       32%         3    ##.....
 Regeneration             Chrm/Necr      #.........   32%         3    ##.....
 Vampiric Draining        Necr           #.........   32%         3    ##.....
 Animate Dead             Necr           N/A          73%         4    ####...
 Cause Fear               Hex            #.........   73%         4    ####...
 Leda's Liquefaction      Hex/Erth       #.........   73%         4    ####...
 Petrify                  Tmut/Erth      #.......     73%         4    ####...
 Metabolic Englaciation   Hex/Ice        #.........   97%         5    #####..
 Yara's Violent Unravell  Hex/Tmut       #.........   97%         5    #####..


Dungeon Overview and Level Annotations

Branches:
Dungeon (11/15)            Temple (1/1) D:5            Lair (0/6) D:8
    Orc: D:9-12

Altars:
Ashenzari
Cheibriados
Dithmenos
Elyvilon
Fedhas
Gozag
Hepliaklqana
Kikubaaqudgha
Makhleb
Nemelex Xobeh
Qazlal
Ru
Trog
Xom
Zin
Jiyva

Shops:
D:6 =

Portals:
Trove: D:10 (give 14 potions of curing)


Innate Abilities, Weirdness & Mutations

You can breathe wild blasts of lightning.
Your glossy black scales are hard. (AC +7)
You cannot fit into any form of body armour.
You are resistant to electric shocks. (rElec)
You are cold-blooded and may be slowed by cold attacks.


Message History

You see here a scroll of vulnerability.
The yak gores you.
* * * LOW HITPOINT WARNING * * *
You take 6 damage, and have 11/86 hp.
You have got your breath back.
You see here a wolf skeleton.
Evoke which item? (* to show all) (? for menu, Esc to quit)
Aiming: Corrosive Bolt
Press: ? - help, Shift-Dir - straight line, f - yak
Aim: a yak (moderately wounded)
The bolt of acid hits the polar bear.
The polar bear is splashed with acid.
The acid corrodes the polar bear!
The polar bear is almost dead.
The bolt of acid hits the yak.
The yak is splashed with acid.
The acid corrodes the yak!
The yak is heavily wounded.
The polar bear goes berserk!
You breathe a wild blast of lightning!
The zap hits you! You resist.
You feel somewhat more hungry. The polar bear bites you!
You die...

#...Y##
#.....:..##...##≈
#####.###..#
#.†.#########..#
....## #...## ###.#
###.###
.##..#####h.####..#
#..## ####..#
###.h..### ###...#
.###..# ######
###...### .##...##
#..####÷..###
..##...##
####..#.Y.###
.####...#
##..#.@hY###
###.#.#####...#.####
##[#.##...##.##
##....####### ######


You could see a polar bear (berserk) and 2 yaks.

Vanquished Creatures
  A hydra (D:11)
  Joseph (D:10)
  A centaur skeleton (D:10)
  An ice statue (IceCv)
  A rime drake (D:11)
  3 polar bears (IceCv)
  Sigmund (D:6)
  5 yaks (IceCv)
  A porcupine (D:8)
  2 sky beasts
  An orc warrior (D:9)
  An ice beast (D:6)
  4 wolves
  2 ogres
  2 big kobolds (D:10)
  2 bullfrogs
  A scorpion (D:8)
  A killer bee (D:10)
  5 crimson imps
  2 centaur zombies (D:6)
  A quasit (D:5)
  A hound (D:10)
  An iguana (D:9)
  3 worker ants
  A hound zombie (D:6)
  2 mummies (Ossuary)
  A howler monkey zombie (D:6)
  8 adders
  4 shadow imps
  An adder skeleton (D:6)
  2 worms
  A dart slug (shapeshifter) (D:10)
  4 leopard geckos
  5 orcs
  4 giant cockroaches
  6 hobgoblins
  3 quokkas
  5 bats
  4 frilled lizards
  A gnoll skeleton (Ossuary)
  9 goblins
  3 goblin skeletons (Ossuary)
  A jackal zombie (D:6)
  9 kobolds
  A kobold skeleton (Ossuary)
  A leopard gecko skeleton (D:6)
  2 orc skeletons (Ossuary)
  A quokka zombie (D:6)
  5 rats
  11 rat skeletons (Ossuary)
139 creatures vanquished.

Vanquished Creatures (collateral kills)
  Pikel (D:4)
  A rime drake (D:11)
  A polar bear (IceCv)
  2 yaks (IceCv)
  A hungry ghost (D:9)
  2 porcupines (D:8)
  An orc warrior (D:8)
  2 black bears
  2 ice beasts (D:10)
  A phantom (D:4)
  2 sky beasts
  A slave (D:4)
  10 wolves
  3 centaurs
  3 ogres
  3 crocodiles (D:8)
  2 bullfrogs
  12 killer bees
  A crimson imp (D:10)
  A hound (D:4)
  A bullfrog skeleton (D:6)
  A jelly (D:7)
  2 orc priests
  3 orc wizards
  Crazy Yiuf (D:7)
  Ijyb (D:5)
  6 worker ants
  An iguana (D:8)
  10 mummies (Ossuary)
  Robin (D:4)
  6 adders
  A worm (D:2)
  4 leopard geckos
  15 orcs
  6 bats (D:2)
  2 giant cockroaches
  6 goblins
  5 hobgoblins
  A quokka (D:3)
  A frilled lizard (D:1)
  A gnoll skeleton (Ossuary)
  7 kobolds
  2 rats
136 creatures vanquished.

Vanquished Creatures (others)
  An adder skeleton (D:4)
  A fungus (D:8)
2 creatures vanquished.

Grand Total: 277 creatures vanquished

Notes
Turn   | Place    | Note
-------+----------+-------------------------------------------
     0 | D:1      | namelastname112 the Draconian Summoner began the quest for
                  | the Orb.
     0 | D:1      | Reached XP level 1. HP: 14/14 MP: 3/3
   565 | D:1      | Reached XP level 2. HP: 6/22 MP: 3/5
   786 | D:1      | Learned a level 2 spell: Call Imp
  1352 | D:2      | Found a white marble altar of Elyvilon.
  1368 | D:2      | Noticed a crimson imp
  1370 | D:2      | Found a faded altar of an unknown god.
  1398 | D:2      | Killed a crimson imp
  1398 | D:2      | Reached skill level 1 in Fighting
  1398 | D:2      | Reached XP level 3. HP: 20/28 MP: 3/6
  1403 | D:2      | Learned a level 3 spell: Call Canine Familiar
  1606 | D:2      | Found a blossoming altar of Fedhas.
  1606 | D:2      | Found a shimmering altar of Xom.
  1607 | D:2      | Found an ancient bone altar of Kikubaaqudgha.
  1607 | D:2      | Found an opulent altar of Gozag.
  2256 | D:3      | Reached XP level 4. HP: 29/35 MP: 3/7
  2302 | D:3      | Found a hazy altar of Hepliaklqana.
  3544 | D:4      | Noticed a phantom
  3589 | D:4      | Reached skill level 5 in Summonings
  3590 | D:4      | Killed a phantom
  3590 | D:4      | Reached XP level 5. HP: 29/41 MP: 3/9
  3732 | D:4      | Noticed an ogre
  3833 | D:4      | Killed an ogre
  3894 | D:4      | Noticed Pikel
  3894 | D:4      | Noticed a slave
  3894 | D:4      | Noticed a slave
  3894 | D:4      | Noticed a slave
  3915 | D:4      | Noticed a slave
  3938 | D:4      | Reached XP level 6. HP: 44/50 MP: 5/10
  4422 | D:5      | Entered Level 5 of the Dungeon
  4433 | D:5      | Found a sparkling altar of Nemelex Xobeh.
  4531 | D:5      | Found a sand-covered staircase.
  4537 | Ossuary  | Entered an ossuary
  4972 | Ossuary  | Reached skill level 6 in Summonings
  5693 | D:5      | Your scales start taking on a glossy black colour.
  5693 | D:5      | Reached XP level 7. HP: 50/57 MP: 5/12
  5693 | D:5      | Gained mutation: You are resistant to electric shocks.
                  | (rElec) [Black Draconian growth]
  5745 | D:5      | Learned a level 4 spell: Summon Lightning Spire
  5887 | D:5      | Noticed Ijyb
  5909 | D:5      | Killed Ijyb
  6054 | D:5      | Reached skill level 1 in Air Magic
  6126 | D:5      | Found a staircase to the Ecumenical Temple.
  6132 | Temple   | Entered the Ecumenical Temple
  6232 | Temple   | Became a worshipper of Ashenzari the Shackled
  6371 | D:4      | Killed Pikel
  6434 | D:4      | Noticed Robin
  6458 | D:4      | Killed Robin
  6622 | D:4      | Learned a level 4 spell: Summon Ice Beast
  6708 | D:6      | Reached skill level 7 in Summonings
  6708 | D:6      | Reached XP level 8. HP: 56/66 MP: 14/14
  6717 | D:6      | Noticed Sigmund
  6840 | D:6      | Killed Sigmund
  7258 | D:6      | Found Cank's Jewellery Boutique.
  7382 | D:6      | Found a burning altar of Makhleb.
  7384 | D:6      | Noticed a cacodemon
  7386 | D:6      | Found a glowing silver altar of Zin.
  7387 | D:6      | Noticed an angel
  7924 | D:7      | Reached skill level 5 in Fighting
  8122 | D:7      | Found a runed door.
  8153 | D:7      | Reached * piety under Ashenzari
  8259 | D:7      | Noticed Crazy Yiuf
  8261 | D:7      | Killed Crazy Yiuf
  8387 | D:8      | Reached skill level 8 in Summonings
  8514 | D:8      | Reached XP level 9. HP: 52/74 MP: 5/16
  8623 | D:8      | Reached skill level 5 in Spellcasting
  8630 | D:8      | HP: 2/74 [crocodile (14)]
  8958 | D:8      | Reached skill level 5 in Dodging
  9207 | D:8      | Found a staircase to the Lair.
  9475 | D:8      | Found a stormy altar of Qazlal.
  9676 | D:9      | Found a sacrificial altar of Ru.
 10146 | D:9      | Reached skill level 5 in Air Magic
 10204 | D:9      | Reached ** piety under Ashenzari
 10386 | D:10     | Entered Level 10 of the Dungeon
 10394 | D:10     | Reached skill level 9 in Summonings
 10532 | D:10     | Found a portal to a secret trove of treasure.
 10703 | D:10     | Noticed Joseph
 10729 | D:10     | Killed Joseph
 10729 | D:10     | Reached XP level 10. HP: 11/84 MP: 2/18
 11224 | D:11     | Noticed a six-headed hydra
 11235 | D:11     | Killed a six-headed hydra
 11307 | D:11     | Noticed a manticore
 11355 | D:11     | Found a frozen archway.
 11370 | D:11     | Reached skill level 10 in Summonings
 11391 | IceCv    | Entered an ice cave
 11765 | IceCv    | Noticed an ice statue
 12416 | IceCv    | Killed an ice statue
 12910 | IceCv    | Slain by a polar bear

Vault maps used:
D:1:      dpeg_arrival_lava_temple_mockup, feat_on_display
D:2:      elyvilon_altar_4, chequers_temple_overflow_statue_of_worship,
          chequers_ecumenical_altar_simple_redux, grunt_ministairs_13
D:3:      lemuel_crystal_altar
D:4:      first_ration, uniq_pikel, uniq_robin
D:5:      nicolae_overflow_hidden_temple, minmay_temple_entry_fiery,
          nicolae_ossuary_entry_ruins, uniq_ijyb
D:6:      grunt_temple_overflow_order_and_chaos_2, serial_undead,
          serial_undead_f, serial_undead_d, serial_undead_d, serial_undead_c,
          serial_shops, shop_statue, uniq_sigmund
D:7:      uniq_crazy_yiuf_cottage
D:8:      grunt_qazlal_sundering, minmay_lair_entry_grove
D:9:      nicolae_overflow_crystal_walls
D:10:     enter_trove_3, uniq_joseph
D:11:     portal_ice_cave_rime
Temple:   pf_slime_end_temple
Ossuary:  ossuary_due_small_catacomb
IceCv:    ice_cave_caverns_03

Skill      XL: |  1  2  3  4  5  6  7  8  9 10 |
---------------+-------------------------------+-----
Dodging        | 2 3 4 5 6 |  6.6
Fighting       | 1 2 3 4 5 6 7 |  7.5
Summonings     | 5 6 7 8 9 10 | 10.7
Spellcasting   | 3 4 5 6 |  6.7
Air Magic      | 2 4 5 7 |  7.1
Stealth        | |  1.7

Action                   |  1- 3 |  4- 6 |  7- 9 | 10-12 || total
-------------------------+-------+-------+-------+-------++-------
Melee: Unarmed           |    23 |       |    19 |       ||    42
       Hand axe          |    33 |       |       |       ||    33
       Tailslap          |     6 |    31 |    34 |    23 ||    94
       Short sword       |    70 |   243 |    36 |       ||   349
       Whip              |       |       |   132 |       ||   132
       Quarterstaff      |       |       |   115 |   134 ||   249
 Cast: Summon Small Mamm |     8 |       |       |       ||     8
       Call Imp          |    13 |    23 |    10 |       ||    46
       Call Canine Famil |     1 |    19 |    24 |     1 ||    45
       Summon Lightning  |       |       |    30 |    14 ||    44
       Summon Ice Beast  |       |       |     3 |     5 ||     8
 Abil: Breathe Lightning |       |       |     3 |     4 ||     7
Evoke: Wand              |       |       |     2 |    19 ||    21
  Use: Scroll            |     3 |     4 |    13 |     4 ||    24
       Potion            |       |     1 |     9 |     3 ||    13
 Stab: Sleeping          |     2 |     5 |     7 |     2 ||    16
       Distracted        |       |     3 |     3 |     1 ||     7
       Confused          |       |       |     1 |       ||     1
       Petrifying        |       |       |       |     2 ||     2
  Eat: Chunk             |     4 |    10 |    17 |     3 ||    34
       Ration            |       |     2 |     2 |     2 ||     6
Armor: Skin              |    63 |    79 |   190 |    59 ||   391
Dodge: Dodged            |   135 |   176 |   288 |   159 ||   758

Table legend:
 A = Non-vault XP
 B = Vault XP
 C = Vault XP percentage of total XP
 D = Non-vault monster count
 E = Vault monster count
 F = Vault count percentage of total count
                 A         B        C        D         E       F
            +---------+---------+-------+---------+---------+-------
      Total |    4741 |    5615 |  54.2 |     179 |      95 |  34.7
            +---------+---------+-------+---------+---------+-------
        D:1 |      22 |       0 |   0.0 |      17 |       0 |   0.0
        D:2 |      72 |       2 |   2.7 |      16 |       2 |  11.1
        D:3 |      72 |       0 |   0.0 |      29 |       0 |   0.0
        D:4 |     334 |     435 |  56.6 |      11 |      14 |  56.0
        D:5 |     307 |      20 |   6.1 |      10 |       1 |   9.1
        D:6 |     517 |     323 |  38.5 |       9 |      10 |  52.6
        D:7 |     175 |      20 |  10.3 |       4 |       1 |  20.0
        D:8 |     423 |     686 |  61.9 |      18 |      10 |  35.7
        D:9 |     542 |      64 |  10.6 |      19 |       1 |   5.0
       D:10 |    1601 |     334 |  17.3 |      42 |       1 |   2.3
       D:11 |     676 |     406 |  37.5 |       4 |       2 |  33.3
    Ossuary |       0 |     149 | 100.0 |       0 |      31 | 100.0
      IceCv |       0 |    3176 | 100.0 |       0 |      22 | 100.0
            +---------+---------+-------+---------+---------+-------
